 Dungeon Crawl Stone Soup version 0.29-a0-9-g022ca4c (webtiles) character file.

Game seed: 7598203158225135766

553411 Illumine the Metallomancer (level 26, -14/165 (170) HPs)
             Began as a Gargoyle Earth Elementalist on Jan 25, 2022.
             Was a High Priest of Sif Muna.
             Demolished by a golden dragon (36 damage)
             ... on level 4 of the Realm of Zot on Jan 28, 2022.
             The game lasted 04:32:53 (82677 turns).

Illumine the Metallomancer (GrEE)                  Turns: 82677, Time: 04:32:54

HP:   -14/165 (170) AC: 40    Str: 17    XL:     26   Next: 39%
MP:   18/35         EV:  7    Int: 28    God:    Sif Muna [*****.]
Gold: 3736          SH: 21    Dex: 11    Spells: 2/41 levels left

rFire   + + +      SeeInvis +   a - +3 Elemental Staff {rElec rF++ rC++ AC+5}
rCold   + + +      Faith    .   P - +3 tower shield {rC+}
rNeg    + . .      Spirit   .   B - +2 robe {Archmagi}
rPois   ∞          Reflect  .   p - +1 helmet of the Peculiar Coins {Will+ Int+2 Stlth+}
rElec   +          Harm     .   j - scarf {rC+ rF+}
rCorr   .          Rampage  .   H - +2 pair of gloves {Str+3}
Will    +++..      Archmagi +   N - +4 pair of boots of Ru's Vengeance {Dex+3}
Stlth   +++.......              h - amulet of Kelenk {RegenMP rPois rC+ Will+ Regen+}
HPRegen 1.17/turn               u - ring "Madibb" {Wiz rC+}
MPRegen 0.64/turn               J - ring of see invisible

@: unable to drink, channelling, flying, slightly contaminated, constricted,
lightly drained
A: sickness immunity, AC +20, big wings, negative energy resistance 1,
electricity resistance, torment resistance 1, petrification resistance, clumsy
1, mutation resistance 1
}: 3/15 runes: serpentine, barnacled, silver
a: Renounce Religion, Channel Magic, Forget Spell, Divine Exegesis


You were on level 4 of the Realm of Zot.
You worshipped Sif Muna.
Sif Muna was extremely pleased with you.
You visited 11 branches of the dungeon, and saw 49 of its levels.
You also visited: Ossuary, Ice Cave and Volcano.

You collected 8730 gold pieces.
You spent 4994 gold pieces at shops.

Inventory:

Hand Weapons
 a - the +3 Elemental Staff (weapon) {rElec rF++ rC++ AC+5}
   (You found it on level 3 of the Elven Halls)

   If the wielder is skilled in Evocations, they can discharge powerful blasts
   of elemental energy when striking with it.
   It enhances your fire, ice, earth and air magic.
   AC:        It affects your AC (+5).
   rF:        It greatly protects you from fire.
   rC:        It greatly protects you from cold.
   rElec:     It insulates you from electricity.
 b - the +8 whip "Snakebite" {venom, curare, rPois}
   (You found it on level 1 of the Lair of Beasts)

   It poisons the flesh of those it strikes.
   It occasionally inflicts asphyxiating poison on those it strikes, dealing
   poison damage and causing slowness.
   rPois:     It protects you from poison.
 d - a +5 spectral eveningstar
 e - a +1 morningstar of holy wrath
Armour
 j - a scarf of resistance (worn)
 p - the +1 helmet of the Peculiar Coins (worn) {Will+ Int+2 Stlth+}
   (You found it on level 4 of the Snake Pit)

   Int:       It affects your intelligence (+2).
   Will:      It increases your willpower.
   Stlth:     It makes you more stealthy.
 B - a +2 robe of the Archmagi (worn)
 H - a +2 pair of gloves of strength (worn)
 N - the +4 pair of boots of Ru's Vengeance (worn) {Dex+3}
   (You found it on level 10 of the Dungeon)

   Dex:       It affects your dexterity (+3).
 P - a +3 tower shield of cold resistance (worn)
Jewellery
 c - the ring "Duman" {Ice rN+ Int+2}
   (You took it off a tengu reaver on level 5 of the Vaults)

   [ring of ice]

   It enhances your ice magic.
   Int:       It affects your intelligence (+2).
   rF:        It makes you vulnerable to fire.
   rC:        It protects you from cold.
   rN:        It protects you from negative energy.
 f - a ring of resist corrosion
 g - the amulet of the Final Decision {Reflect Dex+3 SH+5}
   (You found it on level 2 of the Depths)

   [amulet of reflection]

   It reflects blocked missile attacks.
   Dex:       It affects your dexterity (+3).
   SH:        It affects your SH (+5).
 h - the amulet of Kelenk (around neck) {RegenMP rPois rC+ Will+ Regen+}
   (You acquired it on level 2 of the Vaults)

   [amulet of magic regeneration]

   It increases your rate of magic regeneration.
   rC:        It protects you from cold.
   rPois:     It protects you from poison.
   Regen:     It increases your rate of health regeneration.
   Will:      It increases your willpower.
 l - the ring of Iruwibes {Will++ Str+6}
   (You found it on level 3 of the Depths)

   [ring of strength]

   Str:       It affects your strength (+6).
   Will:      It greatly increases your willpower.
 m - a ring of positive energy
 u - the ring "Madibb" (left hand) {Wiz rC+}
   (You bought it in a shop on level 3 of the Elven Halls)

   [ring of wizardry]

   It improves your spell success rate.
   rC:        It protects you from cold.
 C - a +6 ring of intelligence
 E - a +4 ring of protection
 G - a ring of wizardry
 J - a ring of see invisible (right hand)
 L - the ring of the Real Monster {+Blink rElec rF+ Str+8 Slay-4}
   (You found it on level 3 of the Depths)

   [ring of protection from fire]

   Str:       It affects your strength (+8).
   Slay:      It affects your accuracy & damage with ranged weapons and melee
   (-4).
   rF:        It protects you from fire.
   rElec:     It insulates you from electricity.
   +Blink:    It lets you blink.
 S - the amulet of Starshine {Reflect Str+4 Int+2 SH+5 Stlth+}
   (You found it on level 3 of the Elven Halls)

   [amulet of reflection]

   It reflects blocked missile attacks.
   Str:       It affects your strength (+4).
   Int:       It affects your intelligence (+2).
   SH:        It affects your SH (+5).
   Stlth:     It makes you more stealthy.
 T - the ring "Ullov" {Ice Int-4 Dex+4 Stlth+}
   (You found it on level 3 of the Depths)

   [ring of ice]

   It enhances your ice magic.
   Int:       It affects your intelligence (-4).
   Dex:       It affects your dexterity (+4).
   rF:        It makes you vulnerable to fire.
   rC:        It protects you from cold.
   Stlth:     It makes you more stealthy.
 Z - a ring of protection from fire
Wands
 x - a wand of digging (14)
 y - a wand of acid (14)
 I - a wand of charming (17)
 W - a wand of iceblast (44)
Scrolls
 i - 3 scrolls of brand weapon
 k - 3 scrolls of summoning
 r - 15 scrolls of teleportation
 t - a scroll of magic mapping
 D - 6 scrolls of fear
 K - 9 scrolls of vulnerability
 R - 6 scrolls of holy word
 Y - 3 scrolls of fog
Potions
 n - 21 potions of curing
 o - 7 potions of attraction
 q - 5 potions of ambrosia
 v - 9 potions of magic
 w - 6 potions of invisibility
 z - 3 potions of brilliance
 A - 4 potions of resistance
 F - a potion of haste
 V - 3 potions of cancellation
 X - 2 potions of heal wounds
Miscellaneous
 s - a tin of tremorstones (2/2)
 M - a lightning rod (4/4)
 O - a condenser vane
 Q - a phantom mirror
 U - a phial of floods (inert)


   Skills:
 - Level 18.4 Fighting
 - Level 9.0(10.3) Maces & Flails
 - Level 8.1(10.0) Staves
 - Level 5.4 Armour
 - Level 1.5 Dodging
 - Level 2.1 Stealth
 - Level 16.0 Shields
 - Level 8.1 Spellcasting
 - Level 21.0 Conjurations
 - Level 1.0 Transmutations
 - Level 20.2 Ice Magic
 - Level 6.3 Air Magic
 * Level 26.3 Earth Magic
 - Level 10.0 Invocations
 - Level 6.2 Evocations


You had 2 spell levels left.
You knew the following spells:

 Your Spells              Type           Power      Damage    Failure   Level
a - Sandblast             Erth           100%       2d20      0%          1
b - Stone Arrow           Conj/Erth      100%       3d13      0%          3
c - Frozen Ramparts       Ice            100%       1d12      0%          3
d - Ozocubu's Armour      Ice            100%       N/A       0%          3
e - Lehudib's Crystal Sp  Conj/Erth      72%        10d16     2%          8
f - Shatter               Erth           75%        3d55*     13%         9
g - Ozocubu's Refrigerat  Ice            68%        4d18      1%          7
h - Lee's Rapid Deconstr  Erth           75%        3d35*     0%          5

Your spell library contained the following spells:

 Spells                   Type           Power      Damage    Failure   Level
 Freeze                   Ice            100%       1d11      0%          1
 Magic Dart               Conj           100%       1d8       0%          1
 Searing Ray              Conj           100%       2d8       0%          2
 Foxfire                  Conj/Fire      100%       2x1d9     1%          1
 Shock                    Conj/Air       100%       1d9       1%          1
 Ensorcelled Hibernation  Hex/Ice        100%       N/A       1%          2
 Passwall                 Tmut/Erth      95%        N/A       1%          2
 Static Discharge         Conj/Air       100%       N/A       1%          2
 Corpse Rot               Necr/Air       100%       N/A       2%          2
 Poisonous Vapours        Pois/Air       100%       N/A       2%          2
 Beastly Appendage        Tmut           50%        N/A       4%          1
 Sting                    Tmut/Pois      84%        1d7       5%          1
 Animate Skeleton         Necr           34%        N/A       6%          1
 Slow                     Hex            68%        N/A       6%          1
 Blink                    Tloc           34%        N/A       10%         2
 Conjure Flame            Conj/Fire      100%       6-21      1%          3
 Dazzling Flash           Conj/Hex       100%       N/A       1%          3
 Mephitic Cloud           Conj/Pois/Air  96%        N/A       1%          3
 Swiftness                Air            82%        N/A       1%          3
 Animate Armour           Summ/Erth      100%       N/A       1%          4
 Flame Wave               Conj/Fire      100%       2d17      1%          4
 Fulminant Prism          Conj/Hex       40%        3d20      1%          4
 Hailstorm                Conj/Ice       100%       3d20      1%          4
 Ice Form                 Ice/Tmut       100%       N/A       1%          4
 Iskenderun's Mystic Bla  Conj/Tloc      81%        2d16      1%          4
 Leda's Liquefaction      Hex/Erth       56%        N/A       1%          4
 Petrify                  Tmut/Erth      100%       N/A       1%          4
 Sticky Flame             Conj/Fire      100%       2d11      1%          4
 Summon Ice Beast         Ice/Summ       100%       N/A       1%          4
 Borgnjor's Vile Clutch   Necr/Erth      56%        N/A       1%          5
 Freezing Cloud           Conj/Ice/Air   73%        6-21      1%          5
 Irradiate                Conj/Tmut      41%        3d27      1%          5
 Iskenderun's Battlesphe  Conj           100%       2d15      1%          5
 Lightning Bolt           Conj/Air       57%        1d80      1%          5
 Iron Shot                Conj/Erth      72%        9d13      1%          6
 Orb of Destruction       Conj           57%        9d14      1%          7
 Fireball                 Conj/Fire      51%        3d20      2%          5
 Metabolic Englaciation   Hex/Ice        50%        N/A       2%          5
 Conjure Ball Lightning   Conj/Air       57%        3x3d21    3%          6
 Airstrike                Air            41%        N/A       4%          4
 Starburst                Conj/Fire      51%        6d14      13%         6
 Ignite Poison            Fire/Tmut/Pois 29%        N/A       16%         3
 Spider Form              Tmut/Pois      21%        N/A       16%         3
 Simulacrum               Ice/Necr       50%        N/A       16%         6
 Call Canine Familiar     Summ           17%        N/A       19%         3
 Confusing Touch          Hex            17%        N/A       19%         3
 Inner Flame              Hex/Fire       25%        N/A       19%         3
 Lesser Beckoning         Tloc           17%        N/A       19%         3
 Portal Projectile        Hex/Tloc       34%        N/A       19%         3
 Summon Guardian Golem    Hex/Summ       17%        N/A       19%         3
 Teleport Other           Tloc           17%        N/A       19%         3
 Vampiric Draining        Necr           17%        2d7       19%         3
 Silence                  Hex/Air        30%        N/A       41%         5
 Cause Fear               Hex            8%         N/A       50%         4
 Dispel Undead            Necr           17%        3d10      50%         4
 Olgreb's Toxic Radiance  Pois           17%        N/A       50%         4
 Spellforged Servitor     Conj/Summ      40%        N/A       54%         7
 Blade Hands              Tmut           12%        N/A       69%         5
 Alistair's Intoxication  Tmut/Pois      14%        N/A       77%         5
 Yara's Violent Unravell  Hex/Tmut       10%        3d6       77%         5
 Agony                    Necr           17%        N/A       83%         5
 Excruciating Wounds      Necr           8%         N/A       83%         5
 Manifold Assault         Tloc           17%        N/A       83%         5
 Summon Mana Viper        Hex/Summ       17%        N/A       83%         5
 Death Channel            Necr           8%         N/A       100%        6
 Dispersal                Tloc           8%         N/A       100%        6
 Summon Cactus Giant      Summ           8%         N/A       100%        6
 Dragon Form              Tmut           12%        N/A       100%        7
 Haunt                    Necr/Summ      8%         N/A       100%        7
 Malign Gateway           Summ/Tloc      8%         N/A       100%        7
 Storm Form               Tmut/Air       32%        N/A       100%        7
 Borgnjor's Revivificati  Necr           8%         N/A       100%        8
 Discord                  Hex            8%         N/A       100%        8
 Disjunction              Tloc           8%         N/A       100%        8
 Ignition                 Fire           12%        3d6       100%        8
 Infestation              Necr           8%         N/A       100%        8
 Necromutation            Tmut/Necr      10%        N/A       100%        8
 Chain Lightning          Conj/Air       57%        3d76      100%        9
 Death's Door             Necr           8%         N/A       100%        9
 Fire Storm               Conj/Fire      51%        8d13      100%        9
 Statue Form              Tmut/Erth      Unusable   N/A       N/A         6

Dungeon Overview and Level Annotations

Branches:
Dungeon (15/15)            Temple (1/1) D:4            Lair (6/6) D:11
 Shoals (4/4) Lair:4        Snake (4/4) Lair:3        Slime (1/5) Lair:5
    Orc (2/2) D:11            Elf (3/3) Orc:2        Vaults (5/5) D:14
  Crypt (0/3) Vaults:3     Depths (4/4) D:15            Zot (4/5) Depths:4
Ossuary (visited)           IceCv (visited)         Volcano (visited)

Altars:
Ashenzari
Cheibriados
Dithmenos
Elyvilon
Fedhas
Gozag
Hepliaklqana
Kikubaaqudgha
Makhleb
Nemelex Xobeh
Okawaru
Qazlal
Ru
Sif Muna
Trog
Uskayaw
Vehumet
Wu Jian
Xom
Yredelemnul
Zin
The Shining One
Lugonu

Shops:
D:2 (   D:3 (:   Orc:2 =*[(   Elf:1 =!(   Elf:3 =::*   Shoals:1 *   Snake:1 [=
Snake:4 ***   Vaults:1 ?   Vaults:2 *   Vaults:3 (   Vaults:4 ?

Portals:
Hell: Lair:6 Depths:1 Depths:2 Depths:3 Depths:4
Abyss: Depths:3 Depths:4
Pandemonium: Depths:1 Depths:2 Depths:4
Ziggurat: Depths:3

Annotations:
Depths:3 2 transporters
Depths:4 3 runed translucent doors, Coschouw's ghost, veteran DgFi


Innate Abilities, Weirdness & Mutations

You are immune to sickness and miasma.
Your stone body is resilient. (AC +20)
You are immune to poison.
Your large and strong wings let you fly.
You resist negative energy. (rN+)
You are resistant to electric shocks. (rElec)
You are resistant to unholy torment.
You are immune to petrification.
You are clumsy. (Dex -2)
You are somewhat resistant to further mutation.


Message History

You are lightly contaminated with residual magic.
You are blasted with sand.
You block the storm dragon's attack.
The storm dragon claws you but does no damage.
You block the storm dragon's attack.
The golden dragon bites you but does no damage.
You block the golden dragon's attack.
The golden dragon tramples you but does no damage.
The black draconian barely misses you.
The quicksilver dragon closely misses you.
The quicksilver dragon claws you but does no damage.
The storm dragon bites you.
* * * LOW HITPOINT WARNING * * *
You block the storm dragon's attack.
The storm dragon tramples you but does no damage.
The shadow dragon breathes negative energy at you.
The bolt of negative energy hits you! You partially resist.
You feel drained.
* * * LOW HITPOINT WARNING * * *
The bolt of negative energy hits the tentacled monstrosity.
The tentacled monstrosity completely resists.
The golden dragon barely misses you. x2; You block the golden dragon's attack.
The tentacled monstrosity barely misses you.
The tentacled monstrosity tentacle-slaps you!
* * * LOW HITPOINT WARNING * * *
The tentacled monstrosity tentacle-slaps you but does no damage.
The tentacled monstrosity grabs you.
The tentacled monstrosity constricts you.
* * * LOW HITPOINT WARNING * * *
Unknown command.
As you read the scroll of fear, it crumbles to dust.
You assume a fearsome visage.
The black draconian is unaffected.
The golden dragon is unaffected.
The moth of wrath looks frightened!
The storm dragon is unaffected.
The tentacled monstrosity resists with almost no effort.
The quicksilver dragon resists with almost no effort.
The shadow dragon easily resists.
You block the storm dragon's attack. x2
The storm dragon closely misses you.
You block the quicksilver dragon's attack.
The quicksilver dragon claws you but does no damage.
The golden dragon bites you!!!
You die...

.....)......... .
y............. ..
#.............
...#......≈....^.
.......≈≈≈.......
.......))†)......
......[≈d≈.).##
.......DDD....#
##.....D@#.....
#..#...X...#...
##..#.......# .
#.##.......#.# .
#....⌠...# ..
#......... ##
#.#......#.#
#####...####


You could see a shadow dragon (unsilenced, catching breath, waterlogged), a
tentacled monstrosity, a golden dragon (berserk), a storm dragon (berserk), a
black draconian (berserk, unsilenced, slow, waterlogged), a quicksilver dragon
and a moth of wrath (fleeing).

Vanquished Creatures
  2 ancient liches (Vaults:5)
  An orb of fire (Zot:4)
  Mara (Snake:3)
  A juggernaut (Depths:4)
  Frederick (Depths:4)
  8 golden dragons
  A curse toe (Zot:3)
  A bone dragon (Depths:4)
  9 tentacled monstrosities
  Mlioglotl (Shoals:3)
  Jorgrun (Orc:1)
  6 titans
  5 deep elf blademasters
  2 liches
  2 walking divine tomes (Depths:3)
  3 deep elf master archers (Elf:3)
  4 death cobs (Zot:1)
  4 quicksilver dragons
  5 sphinxes
  9 tengu reavers
  13 storm dragons
  2 draconian monks
  Roxanne (Elf:1)
  Ilsuiw (Shoals:4)
  8 fire giants
  4 nagarajas
  10 shadow dragons
  A draconian knight (Depths:4)
  4 orc warlords
  3 iron dragons (Vaults:5)
  4 deep elf sorcerers
  Aizul (Shoals:2)
  20 vault wardens
  10 frost giants
  4 draconian shifters
  4 war gargoyles
  6 draconian stormcallers
  5 deep elf elementalists (Elf:3)
  9 ironbound thunderhulks
  2 spriggan defenders (Depths:3)
  3 draconian annihilators
  25 ironbound preservers
  20 stone giants
  20 very ugly things
  9 green draconians
  Nessos (Lair:4)
  4 vampire knights
  2 entropy weavers
  A lorocyproca (Depths:1)
  3 black draconians
  5 yellow draconians
  3 deep elf annihilators
  3 deep elf demonologists
  3 white draconians (Zot:1)
  A spark wasp (Depths:3)
  A purple draconian (Zot:4)
  9 dire elephants
  4 red draconians
  Azrael (Snake:3)
  6 merfolk javelineers
  Josephine (Lair:6)
  7 deep elf death magi
  14 ettins
  11 merfolk impalers
  7 fire dragons
  9 great orbs of eyes
  5 deep elf high priests
  13 yaktaur captains
  4 salamander tyrants
  A peacekeeper (Vaults:2)
  36 vault guards
  Fannar (Lair:3)
  2 rakshasas
  2 spriggan air magi
  6 ice dragons
  2 ogre magi
  An alligator snapping turtle (Shoals:1)
  16 naga warriors
  5 boulder beetles
  12 anacondas
  9 hydras
  2 satyrs (Shoals:4)
  19 centaur warriors
  The ghost of Mango the Grappler, a novice DrGl of Yredelemnul (D:9)
  3 catoblepae
  A two-headed ogre (shapeshifter) (Vaults:5)
  6 two-headed ogres
  Erica (Lair:2)
  A jorogumo (shapeshifter) (Vaults:5)
  5 merfolk aquamancers
  6 ironbound frosthearts
  8 tengu warriors
  2 merfolk avatars
  24 dancing weapons
  Urug (Orc:2)
  6 deep troll earth magi
  7 deep troll shamans
  3 orc high priests (Orc:2)
  14 death yaks
  2 vampire magi (Depths:3)
  17 naga sharpshooters
  2 soul eaters (Depths:1)
  19 deep elf knights
  10 hell knights
  3 spriggan berserkers
  5 shock serpents
  Nergalle (Lair:3)
  6 salamander mystics
  6 iron trolls
  2 fire crabs (shapeshifter)
  2 shadow wraiths
  2 sixfirhies
  2 glowing orange brains
  16 sea snakes
  A steelbarb worm (shapeshifter) (Vaults:4)
  2 flayed ghosts
  56 deep trolls
  17 naga ritualists
  2 phantasmal warriors
  11 deep elf archers
  5 lindwurms
  23 deep elf zephyrmancers
  Pikel (D:8)
  4 necromancers
  11 wizards
  18 harpies
  An iron dragon zombie (Depths:2)
  24 ironbound convokers
  27 deep elf pyromancers
  10 mana vipers
  7 orc sorcerers (Orc:2)
  A golden dragon skeleton (Depths:2)
  4 orc knights
  31 ugly things
  19 fauns
  16 manticores
  Maurice (Orc:1)
  An oklob plant (Snake:4)
  7 cyclopes
  A fire giant skeleton (Depths:2)
  17 moths of wrath
  15 elephants
  14 salamanders
  2 guardian serpents
  2 rust devils (Depths:1)
  21 vault sentinels
  4 merfolk sirens
  36 black mambas
  An ice statue (IceCv)
  17 naga magi
  5 torpor snails
  6 water nymphs
  A gargoyle (D:12)
  A smoke demon (Lair:6)
  An eye of devastation (shapeshifter) (Vaults:5)
  3 demonic crawlers (Elf:3)
  16 cane toads
  2 unseen horrors
  11 rime drakes
  4 freezing wraiths
  3 ice devils (Lair:6)
  21 yaktaurs
  An efreet (D:15)
  10 komodo dragons
  Maggie (D:6)
  4 tengu conjurers
  3 red devils
  A queen bee (shapeshifter) (D:15)
  A troll (shapeshifter) (D:14)
  4 wind drakes
  32 merfolk
  7 trolls
  16 blink frogs
  A hornet (D:9)
  8 dream sheep
  A tyrant leech (shapeshifter) (Vaults:5)
  8 polar bears
  A hornet (shapeshifter) (D:15)
  A blink frog (shapeshifter) (Vaults:5)
  Prince Ribbit (D:8)
  14 snapping turtles
  18 slime creatures
  3 air elementals
  8 wraiths
  A jumping spider (shapeshifter) (Vaults:1)
  A frost giant simulacrum (Depths:2)
  3 shadows
  7 wyverns
  4 vampires
  3 fire bats (Lair:5)
  A ynoxinul (Depths:1)
  A hog (shapeshifter) (Vaults:5)
  11 water elementals
  Grum (D:8)
  8 basilisks
  69 yaks
  A yak (shapeshifter) (D:13)
  Menkaure (D:6)
  7 fire elementals
  2 chaos spawn
  2 steam dragons
  44 nagas
  4 vampire mosquitoes (D:13)
  4 wargs
  Duvessa (D:5)
  5 hell hounds
  19 water moccasins
  A floating eye (Depths:4)
  2 ice beasts
  A necrophage (D:8)
  41 orc warriors
  5 ogres
  30 wolves
  6 centaurs
  2 phantoms
  2 lemures (D:8)
  Blork the orc (D:5)
  2 kobold brigands (D:7)
  15 bullfrogs
  3 scorpions
  2 wyvern zombies
  4 earth elementals
  2 cane toad simulacra (Lair:5)
  2 water moccasin skeletons (D:5)
  Dowan (D:5)
  3 killer bees (D:7)
  3 wights (Ossuary)
  A howler monkey (D:4)
  3 electric eels (Snake:1)
  4 centaur zombies
  3 quasits (D:7)
  A human simulacrum (Vaults:3)
  2 hounds (D:7)
  Crazy Yiuf (D:5)
  2 centaur skeletons (D:4)
  A bullfrog skeleton (D:7)
  24 orc priests
  2 gnoll shamans
  Terence (D:2)
  27 orc wizards
  6 hell rats (Lair:3)
  A wolf simulacrum (Lair:5)
  2 hound skeletons (D:5)
  3 howler monkey zombies
  7 river rats (Lair:3)
  4 adders
  17 gnolls
  2 white imps (D:7)
  An ufetubus (Vaults:3)
  An adder skeleton (D:5)
  An adder zombie (Ossuary)
  A worm (D:4)
  4 dart slugs
  85 orcs
  7 ball pythons
  4 endoplasms
  3 giant cockroaches
  4 goblins
  9 hobgoblins
  7 jackals
  9 quokkas
  2 ball python skeletons (Ossuary)
  2 bats
  3 frilled lizards
  2 hobgoblin skeletons (Ossuary)
  11 kobolds
  A kobold zombie (Ossuary)
  An orc skeleton (Ossuary)
  An orc zombie (Ossuary)
  18 rats
  A butterfly (Lair:1)
  A toadstool (D:1)
1941 creatures vanquished.

Vanquished Creatures (collateral kills)
  Saint Roka (Orc:2)
  An orc (Orc:2)
2 creatures vanquished.

Vanquished Creatures (others)
  A ghost moth (Zot:1)
  An orc (Orc:2)
  A bush (D:11)
  50 fungi
  225 plants
  3 toadstools (D:1)
281 creatures vanquished.

Grand Total: 2224 creatures vanquished

Notes
Turn   | Place    | Note
-------+----------+-------------------------------------------
     0 | D:1      | Illumine the Gargoyle Earth Elementalist began the quest
                  | for the Orb.
     0 | D:1      | Reached XP level 1. HP: 10/10 MP: 3/3
   301 | D:1      | Reached skill level 1 in Transmutations
   319 | D:1      | Reached XP level 2. HP: 15/15 MP: 1/5
   341 | D:1      | Reached skill level 4 in Earth Magic
   789 | D:1      | Found a faded altar of an unknown god.
   963 | D:1      | Reached XP level 3. HP: 19/19 MP: 4/6
  1787 | D:2      | Reached XP level 4. HP: 24/24 MP: 3/8
  1791 | D:2      | Learned a level 3 spell: Stone Arrow
  2270 | D:2      | Found Yjenik's Antique Weapon Boutique.
  2338 | D:3      | Reached skill level 1 in Conjurations
  2340 | D:3      | Noticed Terence
  2352 | D:2      | Killed Terence
  2353 | D:2      | Reached skill level 5 in Earth Magic
  2496 | D:3      | Learned a level 3 spell: Frozen Ramparts
  2521 | D:3      | Reached XP level 5. HP: 28/28 MP: 6/9
  2548 | D:3      | Found Gelicara's Weapon Shop.
  2554 | D:3      | Found a glowing silver altar of Zin.
  2687 | D:3      | Found Fenek's Book Boutique.
  2711 | D:3      | Gained mutation: You are somewhat resistant to further
                  | mutation. [potion of mutation]
  2716 | D:3      | Reached skill level 1 in Ice Magic
  3392 | D:4      | Noticed a steam dragon
  3398 | D:4      | Found an ancient bone altar of Kikubaaqudgha.
  3407 | D:4      | Found a stormy altar of Qazlal.
  3408 | D:4      | Found a bloodstained altar of Trog.
  3411 | D:4      | Found a transporter.
  3432 | D:4      | Found a burning altar of Makhleb.
  4000 | D:4      | Found a transporter.
  4010 | D:4      | Reached XP level 6. HP: 28/32 MP: 6/10
  4242 | D:4      | Found a staircase to the Ecumenical Temple.
  4247 | Temple   | Entered the Ecumenical Temple
  4309 | Temple   | Became a worshipper of Sif Muna the Loreminder
  4491 | D:4      | Found a hazy altar of Hepliaklqana.
  4574 | D:5      | Entered Level 5 of the Dungeon
  4585 | D:5      | Noticed a water moccasin
  4589 | D:5      | Killed a water moccasin
  4648 | D:5      | Reached XP level 7. HP: 36/36 MP: 8/12
  4799 | D:5      | Noticed Blork the orc
  4807 | D:5      | Killed Blork the orc
  5004 | D:5      | Reached skill level 5 in Conjurations
  5251 | D:5      | Noticed Duvessa
  5253 | D:5      | Noticed Dowan
  5263 | D:5      | Killed Duvessa
  5265 | D:5      | Killed Dowan
  5266 | D:5      | Reached XP level 8. HP: 41/41 MP: 1/14
  5390 | D:5      | Found a runed translucent door.
  5391 | D:5      | Noticed Crazy Yiuf
  5397 | D:5      | Killed Crazy Yiuf
  5567 | D:5      | Reached skill level 5 in Ice Magic
  5571 | D:5      | Learned a level 3 spell: Ozocubu's Armour
  5627 | D:5      | Reached skill level 1 in Shields
  5734 | D:6      | Noticed Maggie
  5742 | D:6      | Killed Maggie
  5743 | D:6      | Reached skill level 1 in Fighting
  5867 | D:6      | Reached * piety under Sif Muna
  6064 | D:6      | Found a sand-covered staircase.
  6069 | Ossuary  | Entered an ossuary
  6358 | Ossuary  | Noticed a flying skull
  6358 | Ossuary  | Noticed a wraith
  6656 | Ossuary  | Noticed a flying skull
  6662 | Ossuary  | Noticed a wraith
  6666 | Ossuary  | Killed a wraith
  6745 | Ossuary  | Noticed a flying skull
  6763 | Ossuary  | Noticed a flying skull
  6776 | Ossuary  | Noticed a flying skull
  6788 | Ossuary  | Reached XP level 9. HP: 47/49 MP: 2/15
  6891 | Ossuary  | Reached skill level 1 in Armour
  7073 | D:6      | Noticed Menkaure
  7084 | D:6      | Killed Menkaure
  7198 | D:6      | Found a shimmering altar of Xom.
  7253 | D:6      | You fall into a shaft and drop 2 floors!
  7253 | D:8      | Noticed Prince Ribbit
  7327 | D:8      | Identified a scroll of acquirement
  7329 | D:8      | Acquired a staff of earth
  7774 | D:8      | Learned a level 5 spell: Freezing Cloud
  7826 | D:8      | Reached skill level 1 in Staves
  7949 | D:8      | Killed Prince Ribbit
  7950 | D:8      | Reached skill level 1 in Air Magic
  8319 | D:8      | Noticed Pikel
  8334 | D:8      | Killed Pikel
  8334 | D:8      | Reached ** piety under Sif Muna
  8418 | D:8      | Noticed a gargoyle
  8535 | D:8      | Reached XP level 10. HP: 58/58 MP: 6/16
  8865 | D:8      | Reached skill level 1 in Maces & Flails
  8865 | D:8      | Reached skill level 1 in Invocations
  8869 | D:8      | Noticed Grum
  8874 | D:8      | Killed Grum
  8875 | D:8      | Reached skill level 5 in Fighting
  8895 | D:8      | Upgraded the game from 0.28-a0-1638-g9123634 to 0.29-a0
  9341 | D:9      | Found an ornate altar of the Wu Jian Council.
  9553 | D:9      | Found a snail-covered altar of Cheibriados.
  9559 | D:9      | Found an opulent altar of Gozag.
  9877 | D:9      | Found a runed translucent door.
  9880 | D:9      | Found a shimmering altar of Xom.
  9880 | D:9      | Noticed a +1 war axe of chaos
  9880 | D:9      | Noticed Mango's ghost (novice DrGl)
 10062 | D:9      | Upgraded the game from 0.29-a0 to 0.29-a0-1-gf2d273c
 10585 | D:10     | Entered Level 10 of the Dungeon
 11012 | D:10     | Reached skill level 5 in Armour
 11013 | D:10     | Reached XP level 11. HP: 64/64 MP: 11/17
 11436 | D:10     | Reached skill level 5 in Air Magic
 11596 | D:10     | Identified the +4 pair of boots of Ru's Vengeance {Dex+3}
 12110 | D:11     | Reached *** piety under Sif Muna
 12302 | D:11     | Noticed a deep elf pyromancer
 12308 | D:11     | Noticed a two-headed ogre
 12310 | D:11     | Killed a deep elf pyromancer
 12529 | D:11     | Found a staircase to the Orcish Mines.
 12753 | D:11     | Noticed a manticore
 12757 | D:11     | Killed a manticore
 12829 | D:11     | Reached skill level 1 in Evocations
 12907 | D:11     | Noticed a manticore
 12916 | D:11     | Killed a manticore
 13082 | D:11     | Found a staircase to the Lair.
 13253 | D:11     | Noticed a manticore
 13261 | D:11     | Killed a manticore
 13262 | D:11     | Reached skill level 5 in Invocations
 13742 | D:12     | Noticed a purple ugly thing
 13748 | D:12     | Killed a purple ugly thing
 13749 | D:12     | Reached XP level 12. HP: 53/72 MP: 2/18
 13994 | D:12     | Noticed a two-headed ogre
 14015 | D:12     | Killed a two-headed ogre
 14234 | D:12     | Identified the +1 robe "Foviviup" {Harm *Corrode rElec}
 14659 | Lair:1   | Entered Level 1 of the Lair of Beasts
 15173 | Lair:1   | Reached skill level 5 in Spellcasting
 15178 | Lair:1   | Reached **** piety under Sif Muna
 15195 | Lair:1   | Reached skill level 10 in Conjurations
 15695 | Lair:1   | Found the +8 whip "Snakebite" {venom, curare, rPois}
 16609 | Lair:2   | Found a snail-covered altar of Cheibriados.
 17011 | Lair:2   | Noticed Erica
 17024 | Lair:2   | Killed Erica
 17025 | Lair:2   | Reached XP level 13. HP: 79/79 MP: 18/21
 17061 | Lair:2   | You fall into a shaft and drop 2 floors!
 17239 | Lair:4   | Noticed Nessos
 17251 | Lair:4   | Killed Nessos
 17598 | Lair:4   | Found a staircase to the Shoals.
 17609 | Lair:4   | Reached ***** piety under Sif Muna
 17615 | Lair:4   | Received a gift from Sif Muna
 17616 | Lair:4   | Got Sif Muna's Disquisition on Excruciating Black Secrets
                  | {god gift}
 17867 | Lair:4   | Learned a level 5 spell: Iskenderun's Battlesphere
 18220 | Lair:4   | Reached skill level 10 in Ice Magic
 18842 | Lair:5   | Found a dark tunnel.
 18851 | Volcano  | Entered a volcano
 18874 | Volcano  | Reached skill level 5 in Evocations
 18988 | Volcano  | Found a burning altar of Makhleb.
 19443 | Lair:5   | Found a staircase to the Slime Pits.
 19470 | Lair:5   | Found a frozen archway.
 19486 | IceCv    | Entered an ice cave
 20187 | IceCv    | Reached skill level 5 in Maces & Flails
 20197 | IceCv    | Gained mutation: Your large and strong wings let you fly.
                  | [Gargoyle growth]
 20197 | IceCv    | Reached XP level 14. HP: 83/87 MP: 17/23
 20251 | IceCv    | Noticed a frost giant
 20262 | IceCv    | Killed a frost giant
 20265 | IceCv    | Upgraded the game from 0.29-a0-1-gf2d273c to
                  | 0.29-a0-2-g12fcac5
 20268 | IceCv    | HP: 1/87 [wolf (7)]
 20835 | IceCv    | Reached skill level 10 in Fighting
 22094 | Slime:1  | Entered Level 1 of the Pits of Slime
 22094 | Slime:1  | Noticed an acid blob
 22117 | Lair:6   | Entered Level 6 of the Lair of Beasts
 22785 | Lair:6   | Reached skill level 5 in Shields
 23303 | Lair:6   | Received a gift from Sif Muna
 23304 | Lair:6   | Got Sif Muna's Disquisition on Twisted Flight {god gift}
 23948 | Lair:6   | Reached XP level 15. HP: 91/93 MP: 17/24
 23990 | Lair:6   | Found a burning altar of Makhleb.
 24145 | Lair:6   | Found a gateway to Hell.
 24797 | Lair:6   | Noticed Josephine
 24808 | Lair:6   | Killed Josephine
 25038 | Lair:6   | Upgraded the game from 0.29-a0-2-g12fcac5 to
                  | 0.29-a0-4-gb0e57e5
 25330 | Lair:3   | Noticed Fannar
 25352 | Lair:3   | Killed Fannar
 25955 | Lair:3   | Found a staircase to the Snake Pit.
 25964 | Lair:3   | Noticed Nergalle
 25978 | Lair:3   | Killed Nergalle
 26192 | Lair:3   | Received a gift from Sif Muna
 26238 | Lair:3   | Got Sif Muna's Catalogue of Conjuration and Transformation
                  | {god gift}
 27107 | Lair:2   | Reached skill level 10 in Invocations
 27294 | Orc:1    | Entered Level 1 of the Orcish Mines
 27485 | Orc:2    | Entered Level 2 of the Orcish Mines
 27485 | Orc:2    | Found a staircase to the Elven Halls.
 27610 | Orc:2    | Noticed an orc warlord
 27620 | Orc:2    | Noticed Maurice
 27632 | Orc:1    | Killed an orc warlord
 27829 | Orc:2    | Noticed an orc warlord
 28278 | Orc:1    | Killed Maurice
 28333 | Orc:2    | Killed an orc warlord
 28621 | Orc:2    | Noticed Saint Roka
 28965 | Orc:2    | Killed Saint Roka
 29672 | Orc:1    | Received a gift from Sif Muna
 29685 | Orc:1    | Got Sif Muna's Guide on Blows and Bruises {god gift}
 29694 | Orc:1    | Learned a level 7 spell: Ozocubu's Refrigeration
 30128 | Orc:2    | Noticed an orc warlord
 30139 | Orc:2    | Killed an orc warlord
 30749 | Orc:2    | Reached XP level 16. HP: 72/97 MP: 26/26
 31049 | Orc:2    | Noticed Urug
 31074 | Orc:2    | Received a gift from Sif Muna
 31079 | Orc:2    | Killed Urug
 31260 | Orc:2    | Got Sif Muna's Collected Works on the Ghastly Rocks {god
                  | gift}
 31301 | Orc:1    | Noticed Jorgrun
 31312 | Orc:1    | Killed Jorgrun
 31851 | Orc:2    | Found Jafeq's Antique Armour Shop.
 31852 | Orc:2    | Found Saphap Ciel's Antique Weapon Boutique.
 31854 | Orc:2    | Found Ettyfutt's General Store.
 31854 | Orc:2    | Found Banyv's Jewellery Shop.
 34159 | D:14     | Reached skill level 15 in Ice Magic
 34861 | D:14     | Reached skill level 6 in Earth Magic
 35738 | D:14     | Found a gate to the Vaults.
 35864 | D:15     | Entered Level 15 of the Dungeon
 36014 | D:15     | Found a staircase to the Depths.
 36469 | D:15     | Reached skill level 7 in Earth Magic
 36698 | D:15     | Found a sparkling altar of Nemelex Xobeh.
 37097 | D:15     | Upgraded the game from 0.29-a0-4-gb0e57e5 to
                  | 0.29-a0-6-ga859fcf
 37236 | Snake:1  | Entered Level 1 of the Snake Pit
 38206 | Snake:1  | Reached skill level 8 in Earth Magic
 38336 | Snake:1  | Reached XP level 17. HP: 91/106 MP: 7/27
 38867 | Snake:1  | Found Raupsaez's Jewellery Shop.
 38867 | Snake:1  | Found Atruzxu's Antique Armour Boutique.
 38875 | Snake:1  | Bought a runed helmet for 270 gold pieces
 39401 | Snake:2  | Received a gift from Sif Muna
 39402 | Snake:2  | Got Sif Muna's Guide on Dark Calling {god gift}
 41022 | Snake:2  | Reached skill level 9 in Earth Magic
 42991 | Snake:3  | Noticed Azrael
 42993 | Snake:3  | Killed Azrael
 43222 | Snake:3  | Received a gift from Sif Muna
 43227 | Snake:3  | Noticed Mara
 43682 | Snake:3  | Killed Mara
 44071 | Snake:3  | Upgraded the game from 0.29-a0-6-ga859fcf to
                  | 0.29-a0-8-g0446c0d
 44837 | Snake:4  | Entered Level 4 of the Snake Pit
 44840 | Snake:4  | Reached skill level 10 in Earth Magic
 45184 | Snake:4  | Found an iron altar of Okawaru.
 45370 | Snake:4  | Found Osaewell's General Store.
 45374 | Snake:4  | Found Jaatympu's Specific Store.
 45597 | Snake:4  | Reached XP level 18. HP: 114/114 MP: 9/28
 46799 | Snake:4  | Found Xoyr's General Store.
 47393 | Snake:4  | Reached skill level 10 in Shields
 47529 | Snake:4  | Reached skill level 11 in Earth Magic
 48144 | Snake:4  | Received a gift from Sif Muna
 49127 | Snake:4  | Identified the +1 helmet of the Peculiar Coins {Will+ Int+2
                  | Stlth+}
 49162 | Snake:4  | Got a serpentine rune of Zot
 49580 | Shoals:1 | Entered Level 1 of the Shoals
 49997 | Shoals:1 | Identified the +5 battleaxe of the Slashing Boar {elec,
                  | rElec}
 50007 | Shoals:1 | Identified the +3 pair of boots "Put-Me-On" {+Inv rElec rF-
                  | Str+5}
 50851 | Shoals:1 | Found a runed translucent door.
 50855 | Shoals:1 | Found Xeila's Assorted Antiques.
 50884 | Shoals:1 | Reached XP level 19. HP: 121/121 MP: 20/29
 51054 | Shoals:1 | Received a gift from Sif Muna
 51204 | Shoals:1 | Reached skill level 12 in Earth Magic
 51406 | Shoals:1 | Bought a scroll labelled ECZOBL ALIP for 29 gold pieces
 52588 | Shoals:3 | Noticed Aizul
 52593 | Shoals:2 | Reached XP level 20. HP: 127/127 MP: 16/30
 52593 | Shoals:2 | Killed Aizul
 52893 | Shoals:3 | Reached skill level 13 in Earth Magic
 53425 | Shoals:3 | Noticed Mlioglotl
 54059 | D:7      | Received a gift from Sif Muna
 54766 | D:9      | Killed Mango's ghost
 54954 | Vaults:1 | Entered Level 1 of the Vaults
 55329 | Vaults:1 | Identified the +0 leather armour "Tofa" {rPois rN+++ MP-9
                  | Str+5}
 55849 | Vaults:1 | You are sucked into a shaft and drop 1 floor!
 56462 | Vaults:1 | Reached skill level 14 in Earth Magic
 56718 | Vaults:1 | Received a gift from Sif Muna
 56763 | Vaults:1 | Got Gustoel's Incunabulum of Captivating Black Rituals
 56770 | Vaults:1 | Got the Collected Works on Shifting Curses
 56971 | Vaults:1 | Got Sif Muna's Witchcraft in Simple Steps {god gift}
 57839 | Vaults:1 | Found Esunuref's Magic Scroll Emporium.
 57848 | Vaults:1 | Bought a scroll of silence for 150 gold pieces
 57850 | Vaults:1 | Bought a scroll of enchant armour for 150 gold pieces
 58620 | Vaults:2 | Reached skill level 15 in Earth Magic
 59324 | Vaults:2 | Reached XP level 21. HP: 132/132 MP: 9/31
 59782 | Vaults:2 | Received a gift from Sif Muna
 59783 | Vaults:2 | Got Sif Muna's Handbook of Contamination and Fire {god
                  | gift}
 60020 | Vaults:2 | Found Xoc Wam's Assorted Antiques.
 60028 | Vaults:2 | Bought a scroll of acquirement for 2236 gold pieces
 60028 | Vaults:2 | Acquired the amulet of Kelenk {RegenMP rPois rC+ Will+
                  | Regen+}
 60754 | Vaults:2 | Reached skill level 16 in Earth Magic
 60869 | Vaults:2 | Reached skill level 15 in Conjurations
 61137 | Vaults:2 | Learned a level 5 spell: Lee's Rapid Deconstruction
 61181 | Vaults:3 | Noticed a golden dragon
 61193 | Vaults:3 | Killed a golden dragon
 61574 | Vaults:3 | Found Bawovavi's Antique Weapon Emporium.
 62249 | Vaults:3 | Found a staircase to the Crypt.
 62249 | Vaults:3 | Found an ancient bone altar of Kikubaaqudgha.
 62249 | Vaults:3 | Found a basalt altar of Yredelemnul.
 62550 | Vaults:3 | Received a gift from Sif Muna
 62551 | Vaults:3 | Got Sif Muna's Guide on Attacks and Heat {god gift}
 62967 | Vaults:4 | Reached skill level 17 in Earth Magic
 63706 | Vaults:4 | Found Tireruint's Magic Scroll Shop.
 63714 | Vaults:4 | Bought a scroll of acquirement for 624 gold pieces
 63714 | Vaults:4 | Acquired 769 gold pieces
 63805 | Vaults:4 | Reached XP level 22. HP: 136/138 MP: 28/32
 64590 | Elf:1    | Entered Level 1 of the Elven Halls
 64661 | Elf:1    | Paralysed by an air elemental for 1 turns
 65109 | Elf:1    | Noticed Roxanne
 65113 | Elf:1    | Killed Roxanne
 65712 | Elf:1    | Found Popn's Jewellery Emporium.
 65712 | Elf:1    | Found Olacaem's Distillery.
 65717 | Elf:1    | Found Ruizaiwk's Weapon Emporium.
 66026 | Elf:2    | Reached skill level 15 in Fighting
 66098 | Elf:2    | Paralysed by an air elemental for 1 turns
 66139 | Elf:2    | Paralysed by an air elemental for 1 turns
 66143 | Elf:2    | Paralysed by an air elemental for 1 turns
 66233 | Elf:2    | Found a runed translucent gate.
 66234 | Elf:2    | Found a runed translucent gate.
 66234 | Elf:2    | Found a runed translucent gate.
 66448 | Elf:2    | Received a gift from Sif Muna
 66449 | Elf:2    | Got Sif Muna's Compendium of Curses {god gift}
 66493 | Elf:2    | Reached skill level 18 in Earth Magic
 66703 | Elf:2    | Reached skill level 15 in Shields
 67540 | Elf:3    | Entered Level 3 of the Elven Halls
 67540 | Elf:3    | Found Aloreok's Assorted Antiques.
 67543 | Elf:3    | Found Deubbu's Jewellery Emporium.
 67543 | Elf:3    | Found Biovol's Book Boutique.
 67545 | Elf:3    | Bought a dented blue amulet for 155 gold pieces
 67547 | Elf:3    | Found Horchiang's Book Boutique.
 67563 | Elf:3    | Bought a book of Annihilations for 720 gold pieces
 67566 | Elf:3    | Bought the ring "Madibb" {Wiz rC+} for 660 gold pieces
 68983 | Elf:3    | Reached skill level 19 in Earth Magic
 69040 | Elf:3    | Learned a level 8 spell: Lehudib's Crystal Spear
 69172 | Elf:3    | Reached XP level 23. HP: 146/146 MP: 13/33
 69256 | Elf:3    | Found the +3 Elemental Staff {rElec rF++ rC++ AC+5}
 69364 | Elf:3    | Identified the amulet of Starshine {Reflect Str+4 Int+2
                  | SH+5 Stlth+}
 69612 | Depths:1 | Entered Level 1 of the Depths
 70132 | Depths:1 | Upgraded the game from 0.29-a0-8-g0446c0d to
                  | 0.29-a0-9-g022ca4c
 70324 | Depths:1 | Received a gift from Sif Muna
 70329 | Depths:1 | Got Sif Muna's Collected Works on the Sinister Mountains
                  | {god gift}
 70424 | Depths:1 | Found a one-way gate leading to the halls of Pandemonium.
 71502 | Depths:2 | Identified the +2 pair of gloves "Sidaejuf" {Harm Str-4
                  | SInv}
 71886 | Depths:2 | Identified the amulet of the Final Decision {Reflect Dex+3
                  | SH+5}
 72356 | Depths:3 | Reached skill level 20 in Earth Magic
 72439 | Depths:3 | Found a transporter.
 72494 | Depths:3 | Found an ornate altar of the Wu Jian Council.
 72788 | Depths:3 | Found a one-way gate to the infinite horrors of the Abyss.
 72833 | Depths:3 | Found a transporter.
 73076 | Depths:3 | Found a snail-covered altar of Cheibriados.
 73213 | Depths:3 | Received a gift from Sif Muna
 73218 | Depths:3 | Got Giluek's Tome of Hurtful Companions {god gift}
 73447 | Depths:3 | Identified the ring "Ullov" {Ice Int-4 Dex+4 Stlth+}
 73468 | Depths:3 | Found a one-way gateway to a ziggurat.
 73507 | Depths:3 | Noticed a golden dragon
 73513 | Depths:3 | Killed a golden dragon
 73598 | Depths:3 | Reached XP level 24. HP: 141/154 MP: 3/35
 73678 | Depths:3 | Identified the ring of Iruwibes {Will++ Str+6}
 73767 | Depths:3 | Reached skill level 5 in Staves
 73900 | Depths:3 | Identified the ring of the Real Monster {+Blink rElec rF+
                  | Str+8 Slay-4}
 73993 | Depths:4 | Entered Level 4 of the Depths
 74192 | Depths:4 | Found a corrupted altar of Lugonu.
 74255 | Depths:4 | Noticed Frederick
 74312 | Depths:4 | Killed Frederick
 74420 | Depths:4 | Noticed a juggernaut
 74423 | Depths:4 | Killed a juggernaut
 74424 | Depths:4 | Reached skill level 21 in Earth Magic
 75045 | Depths:4 | Found a runed translucent gate.
 75045 | Depths:4 | Found a runed translucent gate.
 75045 | Depths:4 | Found a runed translucent gate.
 75046 | Depths:4 | Noticed Coschouw's ghost (veteran DgFi)
 75046 | Depths:4 | Noticed an ancient lich
 75046 | Depths:4 | Noticed a dread lich
 75468 | Depths:4 | Found a gate to the Realm of Zot.
 76217 | Vaults:5 | Entered Level 5 of the Vaults
 76220 | Vaults:5 | Received a gift from Sif Muna
 76221 | Vaults:5 | Got Sif Muna's Incunabulum of Doomed Heat {god gift}
 76314 | Vaults:5 | Got the Almanac of Toxins and Unholy Rituals
 76408 | Vaults:5 | Identified the +8 morningstar of Mastery {vorpal, +Blink
                  | Int+5}
 76582 | Vaults:5 | Received a gift from Sif Muna
 76638 | Vaults:5 | Reached skill level 22 in Earth Magic
 76912 | Vaults:5 | Reached XP level 25. HP: 143/144 MP: 23/35
 77049 | Vaults:5 | Noticed an ancient lich
 77056 | Vaults:5 | Killed an ancient lich
 77188 | Vaults:5 | Got Esmicwe's Grimoire of the Traveller
 77219 | Vaults:5 | Got a silver rune of Zot
 77234 | Vaults:5 | Got Sif Muna's Compendium of Weightlessness
 78117 | Vaults:5 | Noticed an ancient lich
 78118 | Vaults:5 | Received a gift from Sif Muna
 78122 | Vaults:5 | Killed an ancient lich
 78124 | Vaults:5 | Got Sif Muna's Papyrus of the Mutagenic Rocks {god gift}
 78575 | Vaults:5 | Learned a level 9 spell: Shatter
 78737 | Vaults:5 | Identified the +2 helmet "Geriec" {Slay+3 Stlth+}
 78938 | Vaults:5 | Identified the ring "Duman" {Ice rN+ Int+2}
 79646 | Shoals:3 | Killed Mlioglotl
 79825 | Shoals:4 | Entered Level 4 of the Shoals
 79948 | Shoals:4 | Reached skill level 23 in Earth Magic
 79982 | Shoals:4 | Identified the +5 dagger "Zarim" {drain, rElec}
 80252 | Shoals:4 | Noticed Ilsuiw
 80259 | Shoals:4 | Killed Ilsuiw
 80663 | Shoals:4 | Received a gift from Sif Muna
 80678 | Shoals:4 | Got a barnacled rune of Zot
 80730 | Shoals:4 | Got Sif Muna's Sorcery in Simple Steps {god gift}
 80784 | Shoals:4 | Identified the +8 plate armour of the Zebra {Str+2}
 81211 | Zot:1    | Entered Level 1 of the Realm of Zot
 81214 | Zot:1    | Reached skill level 24 in Earth Magic
 81731 | Zot:1    | Reached XP level 26. HP: 148/170 MP: 13/35
 81906 | Zot:1    | Reached skill level 25 in Earth Magic
 82546 | Zot:4    | Reached skill level 26 in Earth Magic
 82546 | Zot:4    | Noticed an orb of fire
 82667 | Zot:4    | Gained mutation: You are clumsy. (Dex -2) [an orb of fire]
 82669 | Zot:4    | Killed an orb of fire
 82669 | Zot:4    | Received a gift from Sif Muna
 82677 | Zot:4    | Demolished by a golden dragon

Illustrated notes

Levels and vault maps discovered:
D:1:      ldierk_water_garden, layout_loops_ring, ebering_ecumenical_altar_ruins
D:2:      layout_loops_ring, serial_shops, shop, kennysheep_generic_room_2
D:3:      layout_rooms, mainiacjoe_overflow_chevrons, serial_shops, shop,
          nicolae_shop_advertising_works [nicolae_subvault_shop_adworks],
          serial_bayou, serial_bayou_ford_a, serial_bayou_lake_a,
          serial_bayou_pond_b, serial_bayou_shore_b, uniq_terence
D:4:      layout_loops_ring, worldfamousw_hep_ancestral_shrine,
          mainiacjoe_overflow_paths, gammafunk_temple_overflow_arena,
          temple_doors_cd, kennysheep_cross_room
D:5:      nicolae_cairo_tiling_very_big, layout_rooms,
          small_statue_intersection, uniq_crazy_yiuf_cottage, uniq_duvessa,
          uniq_blork_the_orc
D:6:      layout_cave_pools, mainiacjoe_overflow_alcove_1, enter_ossuary_5,
          minmay_fractal_squares_gapless_5, uniq_maggie, uniq_menkaure
D:7:      cheibrodos_quashed, layout_loops_ring
D:8:      layout_basic, uniq_pikel, uniq_prince_ribbit1, uniq_grum
D:9:      layout_loops_ring, grunt_temple_overflow_open,
          mainiacjoe_overflow_small_starburst, ebering_ghost_xom
D:10:     layout_loops_ring
D:11:     layout_basic, minmay_lair_entry_grove
D:12:     nzn_motion_control, layout_loops_corners
D:13:     layout_cave_pools
D:14:     layout_irregular_city, david_vaults_4
D:15:     grunt_enter_depths_giant_problem, layout_gridville,
          nemelex_diamond_rough_becter
Temple:   minmay_temple_bridge_abc
Lair:1:   minmay_guarded_unrand_snakebite, layout_loops_ring,
          beast_lair_carwin_11, lemuel_fruit_fields, lemuel_fruit_tree
Lair:2:   layout_gridlike, kennysheep_snail_temple, uniq_erica
Lair:3:   lemuel_ratsnest, layout_loops_ring, guppyfry_snake_entry_island,
          uniq_nergalle, uniq_fannar
Lair:4:   hellmonk_warped_wall, layout_cave_pods, elwin_shoals_entry_stream,
          st_stairs_5, uniq_nessos
Lair:5:   layout_long_grid, slime_dummy, nicolae_volcano_entry_batcave,
          portal_ice_cave_entry_ice_simulacra, minivault_24
Lair:6:   evil_forest, layout_cave_pods, grunt_megastairs_4, uniq_josephine
Shoals:1: layout_shoals, serial_shops, shop, lightli_airlock
Shoals:2: layout_shoals
Shoals:3: layout_shoals, nicolae_shoals_lost_giant_hut, nicolae_shoals_mertower,
          uniq_mlioglotl, uniq_aizul
Shoals:4: shoals_end_grunt_ice, layout_shoals, shoals_ilsuiw_alternative
Snake:1:  layout_layer_cave, serial_bayou_shore_a, minmay_shoptagon
Snake:2:  layout_chambers, nicolae_snake_naga_rites
Snake:3:  layout_chambers, grunt_megastairs_3, serial_bayou_shore_b, uniq_mara,
          uniq_azrael
Snake:4:  snake_pit, layout_chambers, serial_shops, shop,
          nicolae_specific_store, lemuel_oklob_altar
Slime:1:  layout_caves
Orc:1:    layout_diamond_mine, uniq_jorgrun
Orc:2:    st_orc_congregation, layout_caves, uniq_saint_roka, uniq_maurice,
          uniq_urug
Elf:1:    eino_elf_arrival_sip, layout_geoelf_octagon, minmay_elf_demonology,
          nicolae_twisting_strands, minmay_shop_star, uniq_roxanne
Elf:2:    nicolae_elf_blades_crystal_corner, layout_geoelf_diagonals
Elf:3:    minmay_elf_hall, layout_onion_city, serial_shops,
          nicolae_shop_competitors_out_of_business, einodemon_crawler_minivault,
          minmay_shop_grove
Vaults:1: ontoclasm_vaults_fault, ontoclasm_vaults_loading_screen,
          nicolae_vaults_three_branches, dpeg_vaults_waves,
          hangedman_vaults_stream, dpeg_vaults_monster_row,
          nicolae_vaults_border_crossing, v_misc_30, hangedman_vaults_nodes,
          vaults_room_mumra_shop_pool, nicolae_vaults_angled_halls,
          vaults_mumra_lcd, layout_vaults_maze_bifur
Vaults:2: nicolae_vaults_little_squares_6, vaults_mumra_minichess_inversion,
          st_star, nicolae_vaults_network_square, dpeg_vaults_monster_box,
          vaults_dpeg_hooks, v_misc_3, nicolae_vaults_little_squares_4,
          vaults_dpeg_cross, grunt_vaults_focal, hangedman_vaults_stagger,
          v_misc_10, layout_vaults_chaotic_city, serial_shops, shop
Vaults:3: nicolae_vaults_inception_scallops, serial_ice_g, vaults_mumra_hex,
          hangedman_vaults_maws, hangedman_vaults_trim,
          ontoclasm_vaults_decontamination, layout_vaults_omnigrid,
          minmay_crypt_entry_necro_gods, serial_shops, shop_statue
Vaults:4: v_alt_pattern_3, ontoclasm_vaults_loading_screen, grunt_vaults_swirl,
          nicolae_vaults_ring_of_whatevers, v_pattern_3,
          ontoclasm_vaults_ring_large, nicolae_vaults_ninety_degrees, v_misc_10,
          hangedman_vaults_slice, hangedman_vaults_variations,
          nicolae_vaults_little_ls, nicolae_vaults_little_squares_6,
          nicolae_vaults_theta, layout_vaults_big_cross, serial_shops,
          nicolae_shop_stone
Vaults:5
Depths:1: layout_basic, grunt_pan_entry_zigzag, hell_entry, serial_bayou_pond_a
Depths:2: grunt_twist_and_shout, layout_gridlike, serial_sigils,
          serial_sigils_hangedman_writhe, serial_sigils_hangedman_leer,
          serial_sigils_hangedman_snap, serial_sigils_hangedman_stare,
          serial_sigils_hangedman_scar, rand_demon_pan_entry_5,
          pf_hell_entry_tar_spiral
Depths:3: hangedman_spin_cycle, hell_entry, abyss_entry
Depths:4: evilmike_zot_entry_argh, layout_basic, chequers_serial_rivers_micro_e,
          pan_entry, abyss_entry_flame_altar, gammafunk_ghost_necromancy,
          hell_entry, uniq_frederick
Zot:1:    layout_basic, grunt_ministairs_12, st_stairs_3
Zot:2:    layout_misc_corridors
Zot:3:    kennysheep_ambush_hall, layout_twisted_circle
Zot:4:    layout_misc_corridors, zot_minivault_6, lemuel_elevator

Skill      XL: |  1  2  3  4  5  6  7  8  9 10 11 12 13 14 15 16 17 18 19 20 21 22 23 24 25 26 |
---------------+-------------------------------------------------------------------------------+-----
Transmutations | 1 |  1.0
Earth Magic    | 4 5 8 10 11 12 15 17 19 20 22 24 26 | 26.3
Spellcasting   | 3 4 5 6 7 8 |  8.1
Conjurations   | 2 3 4 5 6 7 8 9 10 11 12 14 16 17 19 20 21 | 21.0
Ice Magic      | 2 3 4 5 6 7 8 9 10 12 13 16 17 18 19 20 | 20.2
Shields        | 4 5 6 9 12 13 14 15 16 | 16.0
Fighting       | 2 4 6 7 8 9 10 11 12 13 14 15 16 17 18 | 18.4
Armour         | 3 5 |  5.4
Staves         | 1 2 4 7 8 |  8.1
Air Magic      | 2 4 6 |  6.3
Maces & Flails | 2 3 5 6 8 9 |  9.0
Invocations    | 3 5 6 8 9 10 | 10.0
Evocations     | 2 4 5 6 |  6.2
Dodging        | |  1.5
Stealth        | |  2.1

Action                   |  1- 3 |  4- 6 |  7- 9 | 10-12 | 13-15 | 16-18 | 19-21 | 22-24 | 25-27 || total
-------------------------+-------+-------+-------+-------+-------+-------+-------+-------+-------++-------
Melee: Unarmed           |     5 |       |       |       |       |       |       |       |       ||     5
       Short sword       |     5 |       |       |       |       |       |       |       |       ||     5
       Mace              |     8 |     9 |       |       |       |       |       |       |       ||    17
       Flail             |       |    65 |    19 |       |       |       |    12 |       |       ||    96
       Staff             |       |       |     3 |     7 |     3 |     9 |    40 |   127 |   182 ||   371
       Whip              |       |       |       |   139 |   605 |   252 |   506 |    77 |     8 ||  1587
       Eveningstar       |       |       |       |       |       |       |       |    26 |     3 ||    29
       Morningstar       |       |       |       |       |       |       |       |    32 |       ||    32
 Cast: Sandblast         |    46 |    55 |    46 |     2 |     2 |       |       |       |       ||   151
       Frozen Ramparts   |       |     1 |    15 |    46 |    76 |     3 |       |       |       ||   141
       Stone Arrow       |       |       |    60 |   154 |   109 |   159 |    59 |    22 |     4 ||   567
       Ozocubu's Armour  |       |       |     1 |       |     6 |       |       |       |       ||     7
       Freezing Cloud    |       |       |       |     1 |    58 |    13 |     1 |     1 |       ||    74
       Iskenderun's Batt |       |       |       |       |    23 |    48 |    11 |     3 |       ||    85
       Ozocubu's Refrige |       |       |       |       |     7 |   203 |   211 |   345 |    88 ||   854
       Lee's Rapid Decon |       |       |       |       |       |       |       |    70 |     1 ||    71
       Lehudib's Crystal |       |       |       |       |       |       |       |    95 |   125 ||   220
       Shatter           |       |       |       |       |       |       |       |       |    13 ||    13
Invok: Channel Magic     |       |       |       |       |       |     6 |     7 |     5 |     4 ||    22
       Forget Spell      |       |       |       |       |       |       |       |     1 |       ||     1
Evoke: Wand              |       |       |     2 |     4 |     4 |       |     1 |       |     1 ||    12
       Phantom mirror    |       |       |       |       |     2 |       |       |       |       ||     2
       Condenser vane    |       |       |       |       |     1 |       |       |     1 |     1 ||     3
       Phial of floods   |       |       |       |       |       |       |       |     2 |     1 ||     3
  Use: Scroll            |       |     4 |     6 |     4 |     8 |    18 |    10 |    10 |     5 ||    65
       Potion            |       |     3 |       |       |       |     4 |       |     4 |     3 ||    14
 Stab: Sleeping          |       |     4 |       |     1 |     2 |     1 |     6 |     2 |       ||    16
       Distracted        |       |       |       |       |       |       |       |     1 |       ||     1
Armor: Robe              |    10 |    47 |    33 |     2 |   105 |   155 |   183 |   243 |   191 ||   969
       Acid dragon scale |       |       |       |    69 |   122 |       |       |       |       ||   191
Dodge: Dodged            |    22 |    60 |    45 |    52 |   211 |    89 |   106 |   120 |    85 ||   790
Block: Buckler           |     3 |     7 |    22 |    81 |   251 |   125 |       |       |       ||   489
       Reflection        |       |       |       |     3 |    13 |    35 |    18 |       |       ||    69
       Kite shield       |       |       |       |       |       |    57 |   204 |       |       ||   261
       Tower shield      |       |       |       |       |       |       |   222 |   369 |   287 ||   878

Table legend: (Time is in decaauts)
 A = Elapsed time spent in this place.
 B = Non-inter-level travel time spent in this place.
 C = Inter-level travel time spent in this place.
 D = Time resting spent in this place.
 E = Time spent auto-exploring this place.
 F = Levels seen in this place.
 G = Mean time per level.
                   A        B        C        D        E       F      G
               +--------+--------+--------+--------+--------+-----+--------+
         Total |  82447 |  77918 |   4529 |  28658 |  33664 |  52 | 1585.5 |
       Dungeon |  21073 |  19336 |   1737 |   5275 |  11078 |  15 | 1404.9 |
        Temple |     82 |     63 |     19 |      0 |     19 |   1 |   82.0 |
          Lair |  11193 |  10359 |    834 |   2472 |   6132 |   6 | 1865.5 |
        Shoals |   5212 |   4977 |    235 |   2089 |   1670 |   4 | 1303.0 |
     Snake Pit |  12028 |  11726 |    302 |   5773 |   4329 |   4 | 3007.0 |
    Slime Pits |      1 |      1 |      0 |      0 |      0 |   1 |    1.0 |
  Orcish Mines |   4600 |   4474 |    126 |   2677 |    826 |   2 | 2300.0 |
   Elven Halls |   4900 |   4776 |    124 |   1288 |   2020 |   3 | 1633.3 |
        Vaults |  12435 |  11668 |    767 |   4134 |   4584 |   5 | 2487.0 |
        Depths |   6423 |   6054 |    369 |   2160 |   2440 |   4 | 1605.8 |
           Zot |   1378 |   1366 |     12 |    666 |    251 |   4 |  344.5 |
       Ossuary |    986 |    986 |      0 |    716 |     33 |   1 |  986.0 |
      Ice Cave |   1569 |   1569 |      0 |    999 |    282 |   1 | 1569.0 |
       Volcano |    560 |    560 |      0 |    407 |      0 |   1 |  560.0 |
               +--------+--------+--------+--------+--------+-----+--------+

Top non-repeatable levels by time:
 Snake:3: 4624 daAuts
Vaults:1: 3091 daAuts
   Orc:1: 3065 daAuts
Vaults:2: 3049 daAuts
Vaults:5: 2861 daAuts
  Lair:6: 2691 daAuts
 Snake:4: 2688 daAuts
 Snake:2: 2656 daAuts
    D:12: 2362 daAuts
    D:14: 2178 daAuts
    D:11: 2163 daAuts
     D:8: 2119 daAuts
 Snake:1: 2059 daAuts
  Lair:3: 1951 daAuts
Depths:4: 1924 daAuts
